 Dungeon Crawl Stone Soup version 0.30.1-4-g462c640d31 (webtiles) character file.

Game seed: 8769917766233552908

166523 Zeor the Phalangite (level 17, -25/172 HPs)
             Began as a Minotaur Berserker on Aug 23, 2023.
             Was a High Priest of Trog.
             Killed from afar by a deep elf high priest (30 damage)
             ... with damnation
             ... on level 3 of the Elven Halls on Aug 24, 2023.
             The game lasted 02:00:26 (30380 turns).

Zeor the Phalangite (Minotaur Berserker)           Turns: 30380, Time: 02:00:27

Health: -25/172    AC: 31    Str: 31    XL:     17   Next: 29%
Magic:  5/5        EV: 12    Int: 11    God:    Trog [*****.]
Gold:   921        SH:  0    Dex: 17    Spells: 16/16 levels left

rFire   + . .        b - +2 demon trident (antimagic)
rCold   + . .        (no shield)
rNeg    . . .        z - +2 plate armour "Segigrih" {rElec rF+ MP-9 SInv}
rPois   +            Z - +3 hat of the Skies Above {Will+}
rElec   +            H - +2 cloak {Will+}
rCorr   .            y - +1 pair of gloves
SInv    +            R - +1 pair of boots
Will    ++++.        n - amulet of Leiv {Acrobat rC+ Int+3 Stlth+} Stlth
                     p - ring "Uzigritt" {rPois Str+2 Int+4 Dex+6 Stlth-}
HPRegen 0.48/turn    Q - ring of Makhleb's Pride {Will+ MP+9}
MPRegen 0.09/turn

%: acrobat
@: on berserk cooldown, slowed, invisible, very slow
A: horns 2, retaliatory headbutt
a: Renounce Religion, Berserk, Trog's Hand, Brothers in Arms


You were on level 3 of the Elven Halls.
You worshipped Trog.
Trog was extremely pleased with you.
You visited 4 branches of the dungeon, and saw 25 of its levels.
You also visited: Gauntlet.

You collected 2344 gold pieces.
You spent 1423 gold pieces at shops.

Inventory:

Hand Weapons
 a - a +3 glaive of draining
 b - a +2 antimagic demon trident (weapon)
 t - the +5 trident of Egomania {speed, +Blink Will+ Str+2 Int+2}
   (You found it on level 11 of the Dungeon)

   Str:       It affects your strength (+2).
   Int:       It affects your intelligence (+2).
   +Blink:    It lets you blink.
   Will:      It increases your willpower.
 E - a +5 heavy glaive
Missiles
 A - 13 curare-tipped darts
 C - 3 throwing nets
Armour
 y - a +1 pair of gloves (worn)
 z - the +2 plate armour "Segigrih" (worn) {rElec rF+ MP-9 SInv}
   (You bought it in a shop on level 11 of the Dungeon)

   rF:        It protects you from fire.
   rElec:     It insulates you from electricity.
   MP:        It affects your magic capacity (-9).
   SInv:      It lets you see invisible.
 H - a +2 cloak of willpower (worn)
 R - a +1 pair of boots (worn)
 Z - the +3 hat of the Skies Above (worn) {Will+}
   (You found it in a Gauntlet)

   Will:      It increases your willpower.
Jewellery
 e - a ring of protection from fire
 l - a ring of resist corrosion
 n - the amulet of Leiv (around neck) {Acrobat rC+ Int+3 Stlth+}
   (You found it on level 8 of the Dungeon)

   [amulet of the acrobat]

   It increases your evasion while moving and waiting.
   Int:       It affects your intelligence (+3).
   rC:        It protects you from cold.
   Stlth:     It makes you more stealthy.
 p - the ring "Uzigritt" (left hand) {rPois Str+2 Int+4 Dex+6 Stlth-}
   (You found it in a Gauntlet)

   [ring of dexterity]

   Str:       It affects your strength (+2).
   Int:       It affects your intelligence (+4).
   Dex:       It affects your dexterity (+6).
   rPois:     It protects you from poison.
   Stlth:     It makes you less stealthy.
 O - a ring of willpower
 P - a +6 ring of strength
 Q - the ring of Makhleb's Pride (right hand) {Will+ MP+9}
   (You found it on level 3 of the Lair of Beasts)

   [ring of magical power]

   MP:        It affects your magic capacity (+9).
   Will:      It increases your willpower.
Wands
 d - a wand of iceblast (19)
 f - a wand of mindburst (7)
 j - a wand of flame (40) (quivered)
 k - a wand of polymorph (8)
 J - a wand of quicksilver (15)
 S - a wand of paralysis (3)
Scrolls
 h - 6 scrolls of immolation
 i - 4 scrolls of magic mapping
 s - 8 scrolls of teleportation
 x - 3 scrolls of fear
 G - 2 scrolls of fog
 K - a scroll of summoning
 N - a scroll of silence
 U - 3 scrolls of poison
 V - a scroll of enchant weapon
 W - a scroll of enchant armour
Potions
 c - 13 potions of curing
 g - 5 potions of heal wounds
 m - 4 potions of flight
 o - 2 potions of invisibility
 q - 6 potions of mutation
 r - 2 potions of ambrosia
 w - a potion of cancellation
 B - 4 potions of resistance
 D - a potion of attraction
 I - a potion of magic
 L - a potion of haste
 X - 5 potions of might


   Skills:
 * Level 20.9 Fighting
 + Level 3.3(14.8) Axes
 + Level 21.9(22.0) Polearms
 + Level 0.3 Throwing
 * Level 16.2 Armour
 + Level 6.2 Dodging
 + Level 3.1 Stealth
 * Level 11.0 Evocations


You had 16 spell levels left.
You didn't know any spells.
Your spell library was empty.

Dungeon Overview and Level Annotations

Branches:
Dungeon (15/15)            Temple (0/1) D:6            Lair (5/5) D:11
  Swamp (0/4) Lair:3        Snake (0/4) Lair:2        Slime (0/5) Lair:4
    Orc (2/2) D:10            Elf (3/3) Orc:2        Vaults (0/5) D:14
 Depths (0/4) D:15        Gauntlet (visited)

Altars:
Ashenzari
Cheibriados
Elyvilon
Fedhas
Qazlal
Trog
Uskayaw
Yredelemnul
Zin
Jiyva

Shops:
D:5 (:   D:6 (   D:11 ?[   D:12 !(   D:13 [   D:15 (   Orc:1 *   Orc:2 =:((
Elf:1 [   Elf:2 *   Elf:3 *

Annotations:
D:5 1 runed translucent door
D:8 3 runed translucent doors, lxXxl's ghost, novice MiFi
D:11 2 transporters
Lair:4 3 runed translucent doors, zzuzz's ghost, journeyman TrFi
Orc:2 2 transporters, FemmeMayhem's ghost, journeyman MiFi


Innate Abilities, Weirdness & Mutations

You have a pair of horns on your head.
You reflexively headbutt those who attack you in melee.


Message History

The deep elf sorcerer hits your +2 heavy mace with a +0 short sword!
The deep elf blademaster hits you but does no damage. x2
The deep elf high priest prays to its god.
The deep elf high priest begins emitting a brilliant aura!
The deep elf sorcerer is empowered by the deep elf high priest's aura! x2
The deep elf zephyrmancer is empowered by the deep elf high priest's aura! x2
Your +2 heavy mace hits the deep elf blademaster!
Your +3 heavy mace hits the deep elf blademaster!
Your +2 heavy mace hits the deep elf blademaster!
The deep elf blademaster completely misses your +2 heavy mace.
The deep elf blademaster hits your +2 heavy mace with a +0 rapier.
Your +3 heavy mace hits the deep elf blademaster.
Your yak gores the deep elf blademaster!
The deep elf high priest mumbles some strange prayers to its god against you.
Something smites you!
* * * LOW HITPOINT WARNING * * *
Your +2 heavy mace hits the deep elf blademaster!
Your yak closely misses the deep elf blademaster.
The deep elf blademaster closely misses your +3 heavy mace.
The deep elf blademaster hits your +3 heavy mace with a +0 rapier!
Your +3 heavy mace is destroyed!
Your +3 heavy mace dissolves into shadows!
The deep elf blademaster shouts!
You fade into invisibility!
The deep elf blademaster hits you with a +0 rapier!
* * * LOW HITPOINT WARNING * * *
The deep elf blademaster barely misses you.
Your iron troll misses the deep elf blademaster.
Your iron troll claws the deep elf blademaster!
Your iron troll claws the deep elf blademaster!!
The deep elf blademaster dies!
Trog accepts your kill.
Your +2 heavy mace hits the deep elf zephyrmancer!
The deep elf zephyrmancer hits your +2 heavy mace but does no damage.
The deep elf sorcerer gestures at you while chanting.
The bolt of acid hits you!
* * * LOW HITPOINT WARNING * * *
The deep elf high priest calls down the wrath of its god upon the deep elf zephyrmancer.
The sphere of damnation explodes!
The damnation engulfs you!!
You die...

■■■[[ee■■'∙∙▒∙e∙∙e∙∙∙∙∙▒▒▒▒∙∙∙∙∙▒
■■■■■■■■■'∙∙∙∙▒∙∙e∙∙∙∙■▒░ ▒▒▒)▒▒▒
■■■■■■■■■'∙∙∙∙▒▒<∙∙∙∙▒▒·░░ ▒▒▒
■■■■■■■■''∙∙∙▒▒▒▒e∙▒▒▒░░·░░
········∙∙∙∙▒▒ ▒▒e▒▒ ░░·░░
·········∙··░░ ▒∩e▒▒▒ ░░·░░
··░░░░░░░░░░·░░▒▒e(∙▒▒ ░░·░░░░░
░·░░░░░░ ░▒■▒▒▒)∙∙)▒▒ ░░■░···
░······░ ▒▒∙∙∙HYT∙∙∙▒▒ ░░····
░░·····░ ▒∙∙∙∙∙)∙∙∙∙∙▒ ░·····
<■·····░░░░▒∙∙∙∙∙∙∙∙∙∙∙▒▒▒▒▒▒░▒▒▒
░░·····■···■∙∙∙∙?∙∙∙∙∙∙■∙∙▒8▒▒▒8▒
░·····░░░░▒∙∙∙∙∙∙∙∙∙∙∙▒▒∙∙∙∙∙∙∙∙
░░░░░░░ ▒∙∙∙∙∙∙∙∙∙∙∙▒▒∙∙∙∙∙∙∙∙
▒▒∙∙∙∙∙∙∙∙∙▒▒▒∙∙∙∙∙∙∙∙
▒▒∙∙∙∙∙∙∙▒▒▒▒∙▒8▒▒▒8▒
▒▒∙)∙∙∙▒▒▒▒∙▒▒▒▒ ▒▒▒


You could see 2 deep elf sorcerers, a deep elf high priest (brilliance aura,
unable to see you), 2 deep elf zephyrmancers, a friendly iron troll (summoned,
berserk), a friendly yak shaped shifter (summoned) and a friendly +2 heavy mace
(summoned).

Vanquished Creatures
  3 deep elf blademasters
  A sphinx (D:13)
  Frances (D:14)
  Roxanne (Elf:2)
  A tengu reaver (D:13)
  2 deep elf sorcerers
  A deep elf elementalist (Elf:2)
  A stone giant (D:13)
  Nessos (Lair:4)
  A deep elf demonologist (Elf:1)
  A deep elf annihilator (Elf:2)
  The ghost of riellis1 the Skirmisher, a journeyman FoHs of Gozag (Lair:2)
  Snorg (D:12)
  A minotaur (Gauntlet)
  A deep elf death mage (Elf:3)
  A great orb of eyes (D:15)
  2 ogre magi
  2 vault guards (D:14)
  Erica (D:8)
  7 hydras
  21 dancing weapons
  2 centaur warriors (D:15)
  6 two-headed ogres
  2 catoblepae
  5 boulder beetles
  3 tengu warriors
  2 orc high priests (Orc:2)
  Sonja (D:10)
  Urug (Lair:1)
  16 deep elf knights
  3 skysharks
  A shadow wraith (D:13)
  A goliath frog (Lair:5)
  An orb spider (shapeshifter) (D:15)
  An orange crystal statue (Gauntlet)
  7 deep elf archers
  5 wizards
  2 lindwurms (Lair:2)
  3 orc knights
  2 necromancers (D:14)
  19 deep elf pyromancers
  5 orc sorcerers
  23 deep elf zephyrmancers
  The ghost of Esekla the Thaumaturge, a novice DENe of Vehumet (D:7)
  A manticore (D:13)
  14 cyclopes
  A salamander (Lair:2)
  20 ugly things
  A will-o-the-wisp (Lair:3)
  12 elephants
  4 black mambas
  A molten gargoyle (Lair:2)
  A torpor snail (Lair:4)
  19 cane toads
  The ghost of Stellion the Slasher, a novice HuMo (D:5)
  3 gargoyles
  An unseen horror (D:13)
  A yaktaur (D:14)
  7 komodo dragons
  A rime drake (Lair:5)
  3 kobold demonologists
  A yaktaur (shapeshifter) (D:13)
  3 tengu conjurers
  A meliai (D:13)
  7 trolls
  A hornet (Lair:3)
  28 blink frogs
  3 tyrant leeches (Lair:5)
  2 polar bears
  14 slime creatures
  A centaur simulacrum (D:14)
  An air elemental (Elf:2)
  A shadow (D:10)
  A water elemental (Elf:1)
  A spriggan (Lair:3)
  A basilisk (Lair:4)
  5 wyverns
  A ynoxinul (Gauntlet)
  19 humans
  33 yaks
  4 fire elementals
  2 wraiths
  2 golden eyes (shapeshifter)
  4 steam dragons
  9 vampire mosquitoes
  3 acid dragons
  Duvessa (D:6)
  11 water moccasins
  A black bear (D:5)
  38 orc warriors
  7 ogres
  13 wolves
  A boggart (Elf:1)
  6 centaurs
  13 kobold brigands
  11 bullfrogs
  2 gnoll sergeants
  An earth elemental (Elf:2)
  4 scorpions
  17 wights
  Dowan (D:6)
  4 killer bees (D:8)
  2 electric eels (Lair:5)
  3 lava snakes (Lair:2)
  2 hounds (D:5)
  2 jellies (D:5)
  32 orc priests
  2 iron imps (Gauntlet)
  2 sleepcaps (D:7)
  A gnoll bouda (Orc:1)
  2 iguanas
  Ijyb (D:5)
  43 orc wizards
  6 hell rats (Lair:5)
  Robin (D:3)
  12 gnolls
  8 adders
  A shadow imp (D:8)
  2 white imps (D:6)
  2 ufetubi
  2 worms
  4 dart slugs
  107 orcs
  11 endoplasms
  4 giant cockroaches
  14 goblins
  5 hobgoblins
  2 jackals (D:2)
  34 kobolds
  5 quokkas
  6 ball pythons
  4 bats
  4 frilled lizards
  20 rats
880 creatures vanquished.

Vanquished Creatures (collateral kills)
  3 deep elf blademasters (Elf:3)
  A storm dragon (D:13)
  A yaktaur captain (D:13)
  A hydra (D:13)
  A boulder beetle (D:13)
  A two-headed ogre (D:13)
  4 dancing weapons (Elf:2)
  A skeletal warrior (D:13)
  2 ugly things (D:13)
  3 cyclopes (D:13)
  A gargoyle (D:13)
  An orc wizard (D:10)
  4 orcs (D:10)
24 creatures vanquished.

Vanquished Creatures (others)
  An ogre mage (D:13)
  A water elemental (Elf:2)
  A boggart (Elf:1)
  An ogre (Orc:2)
  An orc wizard (Orc:2)
  2 foxfires (Lair:3)
7 creatures vanquished.

Grand Total: 911 creatures vanquished

Notes
Turn   | Place    | Note
-------+----------+-------------------------------------------
     0 | D:1      | Zeor the Minotaur Berserker began the quest for the Orb.
     0 | D:1      | Reached XP level 1. HP: 19/19 MP: 0/0
    81 | D:1      | Reached skill level 4 in Polearms
    90 | D:1      | Reached XP level 2. HP: 27/27 MP: 1/1
   699 | D:1      | Reached XP level 3. HP: 25/33 MP: 2/2
  1149 | D:2      | Found a faded altar of an unknown god.
  1184 | D:2      | Found a blossoming altar of Fedhas.
  1295 | D:2      | Reached ** piety under Trog
  1713 | D:2      | Reached skill level 5 in Polearms
  2017 | D:3      | Identified the +11 whip of Deformation {freeze, *Corrode
                  | rElec rF+ Int+4}
  2073 | D:3      | Found a hide-covered altar of Uskayaw.
  2084 | D:3      | Identified the +4 whip "Ciefan Qij" {freeze, Int+4}
  2142 | D:3      | Noticed Robin
  2161 | D:3      | Killed Robin
  2162 | D:3      | Reached XP level 4. HP: 10/40 MP: 3/3
  2902 | D:4      | Reached XP level 5. HP: 41/47 MP: 4/4
  2993 | D:4      | Noticed an ogre
  3112 | D:4      | Killed an ogre
  3113 | D:4      | Reached skill level 6 in Polearms
  3534 | D:4      | Reached *** piety under Trog
  3784 | D:5      | Entered Level 5 of the Dungeon
  3902 | D:5      | Noticed a wyvern
  3912 | D:5      | Killed a wyvern
  3913 | D:5      | Reached skill level 7 in Polearms
  3913 | D:5      | Reached XP level 6. HP: 53/53 MP: 5/5
  3966 | D:5      | Noticed Ijyb
  3976 | D:5      | Killed Ijyb
  4051 | D:5      | Found Boim's Book Emporium.
  4058 | D:5      | Reached skill level 8 in Polearms
  4062 | D:5      | Reached XP level 7. HP: 34/60 MP: 6/6
  4191 | D:5      | Found a snail-covered altar of Cheibriados.
  4284 | D:5      | Reached skill level 5 in Fighting
  4527 | D:5      | Reached skill level 9 in Polearms
  4534 | D:5      | Found a runed translucent door.
  4540 | D:5      | Noticed Stellion's ghost (novice HuMo)
  4625 | D:5      | Killed Stellion's ghost
  4626 | D:5      | Reached skill level 10 in Polearms
  4626 | D:5      | Reached XP level 8. HP: 68/68 MP: 7/7
  4657 | D:5      | Found a runed translucent door.
  4893 | D:5      | Found Atsaalil's Antique Weapon Boutique.
  5080 | D:6      | Found a staircase to the Ecumenical Temple.
  5387 | D:6      | Reached **** piety under Trog
  5412 | D:6      | Reached skill level 11 in Polearms
  5710 | D:6      | Noticed Duvessa
  5710 | D:6      | Noticed Dowan
  5716 | D:6      | Killed Duvessa
  5718 | D:6      | Killed Dowan
  5725 | D:6      | Reached skill level 5 in Armour
  5858 | D:6      | Found Utyfule's Antique Weapon Shoppe.
  5876 | D:6      | Identified the +1 leather armour of Love and Death {rF+}
  5939 | D:6      | Found a runed translucent door.
  5950 | D:6      | Reached skill level 1 in Evocations
  6121 | D:6      | Reached skill level 12 in Polearms
  6121 | D:6      | Reached XP level 9. HP: 72/75 MP: 8/8
  6394 | D:7      | Reached skill level 1 in Stealth
  6691 | D:7      | Identified the +3 mace "Duloq" {protect, Str+2}
  6761 | D:7      | You fall into a shaft and drop 1 floor!
  6829 | D:8      | Identified the amulet of Leiv {Acrobat rC+ Int+3 Stlth+}
  6837 | D:8      | Found a broken altar of Ashenzari.
  6837 | D:8      | Found a stormy altar of Qazlal.
  7265 | D:7      | Found a runed translucent gate.
  7265 | D:7      | Found a runed translucent gate.
  7265 | D:7      | Found a runed translucent gate.
  7265 | D:7      | Noticed Esekla's ghost (novice DENe)
  7283 | D:7      | Killed Esekla's ghost
  7288 | D:7      | Reached skill level 13 in Polearms
  7628 | D:8      | Noticed lxXxl's ghost (novice MiFi)
  7692 | D:8      | Found a runed translucent gate.
  7692 | D:8      | Found a runed translucent gate.
  7693 | D:8      | Found a runed translucent gate.
  7723 | D:8      | Reached XP level 10. HP: 49/84 MP: 9/9
  7917 | D:8      | Reached ***** piety under Trog
  8047 | D:8      | Noticed Erica
  8055 | D:8      | Killed Erica
  8167 | D:8      | Identified the +1 ring mail of Ignis's Supremacy {+Blink}
  8252 | D:8      | Reached skill level 14 in Polearms
  8817 | D:9      | Found a basalt altar of Yredelemnul.
  9555 | D:9      | Found a glowing silver altar of Zin.
 10020 | D:10     | Entered Level 10 of the Dungeon
 10075 | D:10     | Noticed a two-headed ogre
 10086 | D:10     | Killed a two-headed ogre
 10493 | D:10     | Reached skill level 15 in Polearms
 10527 | D:10     | Noticed Sonja
 10541 | D:10     | Killed Sonja
 10542 | D:10     | Reached skill level 5 in Evocations
 10542 | D:10     | Reached XP level 11. HP: 94/94 MP: 10/10
 10726 | D:10     | Noticed a two-headed ogre
 10738 | D:10     | Killed a two-headed ogre
 11085 | D:10     | Found a staircase to the Orcish Mines.
 11110 | D:11     | Found a staircase to the Lair.
 11125 | D:11     | Found a transporter.
 11208 | D:11     | Found a viscous altar of Jiyva.
 11246 | D:11     | Received a gift from Trog
 11338 | D:11     | Found Fivok's Magic Scroll Shoppe.
 11354 | D:11     | Bought a scroll of teleportation for 39 gold pieces
 11354 | D:11     | Bought a scroll of identify for 26 gold pieces
 11354 | D:11     | Bought a scroll of identify for 26 gold pieces
 11354 | D:11     | Bought a scroll of teleportation for 39 gold pieces
 11547 | D:11     | Identified the +5 trident of Egomania {speed, +Blink Will+
                  | Str+2 Int+2}
 11618 | D:11     | Identified the +5 hand axe "Numo" {flame, rCorr Dex+4}
 11676 | D:11     | Found a transporter.
 11807 | D:11     | Found Bionoit's Antique Armour Shop.
 11816 | D:11     | Bought a glowing chain mail for 180 gold pieces
 11873 | Lair:1   | Entered Level 1 of the Lair of Beasts
 12271 | Lair:1   | Identified the +10 war axe of Instinct {heavy, Will+}
 12286 | Lair:1   | Reached skill level 16 in Polearms
 12584 | Lair:1   | Noticed Urug
 12678 | Lair:1   | Killed Urug
 13133 | Lair:2   | Noticed a lindwurm
 13142 | Lair:2   | Noticed a lindwurm
 13142 | Lair:2   | Noticed a seven-headed hydra
 13165 | Lair:2   | Reached XP level 12. HP: 106/106 MP: 11/11
 13166 | Lair:2   | Killed a seven-headed hydra
 13167 | Lair:2   | Reached skill level 10 in Fighting
 13237 | Lair:2   | Reached skill level 17 in Polearms
 13386 | Lair:2   | Reached skill level 10 in Armour
 13401 | Lair:2   | Reached skill level 5 in Dodging
 13566 | Lair:2   | Found a staircase to the Snake Pit.
 14067 | Lair:2   | Found a runed translucent gate.
 14067 | Lair:2   | Found a runed translucent gate.
 14067 | Lair:2   | Found a runed translucent gate.
 14070 | Lair:2   | Noticed riellis1's ghost (journeyman FoHs)
 14070 | Lair:2   | Noticed a ten-headed hydra
 14598 | Lair:2   | Killed a five-headed hydra
 14601 | Lair:2   | Killed riellis1's ghost
 14853 | Lair:3   | Reached skill level 1 in Axes
 14866 | Lair:3   | Identified the ring of Makhleb's Pride {Will+ MP+9}
 15006 | Lair:3   | Noticed a five-headed hydra
 15017 | Lair:3   | Killed a one-headed hydra
 15392 | Lair:3   | Found a staircase to the Swamp.
 15725 | Lair:4   | Reached XP level 13. HP: 119/119 MP: 12/12
 16044 | Lair:4   | Found a staircase to the Slime Pits.
 16116 | Lair:4   | Noticed a minotaur
 16129 | Lair:4   | Noticed zzuzz's ghost (journeyman TrFi)
 16251 | Lair:4   | Reached skill level 18 in Polearms
 16253 | Lair:4   | Noticed Nessos
 16271 | Lair:4   | Killed Nessos
 16870 | D:11     | Bought a heavily runed plate armour for 672 gold pieces
 16870 | D:11     | Identified the +2 plate armour "Segigrih" {rElec rF+ MP-9
                  | SInv} (You bought it in a shop on level 11 of the Dungeon)
 17048 | Lair:4   | Found a runed translucent gate.
 17048 | Lair:4   | Found a runed translucent gate.
 17048 | Lair:4   | Found a runed translucent gate.
 17209 | Lair:5   | Entered Level 5 of the Lair of Beasts
 17492 | Lair:5   | Received a gift from Trog
 18259 | Lair:5   | Identified the +10 scimitar of the Dead {venom, rElec rN+
                  | Int+2 SInv}
 18313 | Lair:5   | Reached skill level 19 in Polearms
 18502 | Lair:5   | Reached XP level 14. HP: 125/133 MP: 4/13
 18625 | Lair:5   | Identified the +1 buckler "Qaosch" {rPois rC+}
 19377 | Orc:1    | Entered Level 1 of the Orcish Mines
 19517 | Orc:1    | Found Usegoc's General Store.
 19623 | Orc:2    | Entered Level 2 of the Orcish Mines
 19637 | Orc:2    | Reached ****** piety under Trog
 19658 | Orc:2    | Received a gift from Trog
 19860 | Orc:2    | Found a transporter.
 20060 | Orc:2    | Found a staircase to the Elven Halls.
 20064 | Orc:2    | Reached skill level 15 in Fighting
 20255 | Orc:2    | Received a gift from Trog
 20750 | Orc:2    | Noticed FemmeMayhem's ghost (journeyman MiFi)
 20781 | Orc:2    | Found a transporter.
 20902 | Orc:2    | Found Recsoed's Jewellery Emporium.
 20902 | Orc:2    | Found Taun's Weapon Shoppe.
 20935 | Orc:2    | Found Baumuw's Antique Weapon Shoppe.
 20939 | Orc:2    | Found Qeruis's Book Emporium.
 21678 | D:12     | Noticed Snorg
 21697 | D:12     | Killed Snorg
 21947 | D:12     | Found Wiggior's Firing Range.
 21987 | D:12     | Found Gioh's Distillery.
 22006 | D:12     | Bought a potion of resistance for 110 gold pieces
 22006 | D:12     | Bought a potion of heal wounds for 55 gold pieces
 22006 | D:12     | Bought a potion of might for 44 gold pieces
 22264 | D:13     | Found Huamniots's Antique Armour Shoppe.
 22273 | D:13     | Bought a pair of runed boots for 232 gold pieces
 22442 | D:13     | Reached skill level 20 in Polearms
 22515 | D:13     | Noticed a sphinx
 22546 | D:13     | Killed a sphinx
 22626 | D:13     | Received a gift from Trog
 22627 | D:13     | Reached XP level 15. HP: 108/145 MP: 11/14
 22861 | D:13     | Noticed a tengu reaver
 22886 | D:13     | Killed a tengu reaver
 23243 | D:13     | Noticed a storm dragon
 23261 | D:13     | Killed a storm dragon
 24370 | D:14     | Found a bloodstained altar of Trog.
 24513 | D:14     | Found a gate to the Vaults.
 24743 | D:14     | Noticed Frances
 24762 | D:14     | Killed Frances
 25098 | D:14     | Received a gift from Trog
 25210 | D:15     | Entered Level 15 of the Dungeon
 25247 | D:15     | Found a white marble altar of Elyvilon.
 25330 | D:15     | Found a gate leading to a gauntlet.
 25378 | Gauntlet | Entered a Gauntlet
 25378 | Gauntlet | Found a transporter.
 25378 | Gauntlet | Found a transporter.
 25394 | Gauntlet | Found a transporter.
 25396 | Gauntlet | Found a transporter.
 25397 | Gauntlet | Found a transporter.
 25398 | Gauntlet | Found a transporter.
 25407 | Gauntlet | Found a transporter.
 25409 | Gauntlet | Found a transporter.
 25411 | Gauntlet | Found a transporter.
 25411 | Gauntlet | Found a transporter.
 25467 | Gauntlet | Found a transporter.
 25471 | Gauntlet | Found a transporter.
 25769 | Gauntlet | Identified the +3 hat of the Skies Above {Will+}
 25783 | Gauntlet | Identified the ring "Uzigritt" {rPois Str+2 Int+4 Dex+6
                  | Stlth-}
 25800 | Gauntlet | Identified the +7 dagger of Dividends {heavy, rC+ Will+
                  | Int-5}
 25807 | Gauntlet | Reached skill level 21 in Polearms
 25935 | D:15     | Found Voskic's Weapon Shop.
 26033 | D:15     | Reached skill level 10 in Evocations
 26205 | D:15     | Reached XP level 16. HP: 159/159 MP: 6/15
 26502 | D:15     | Found a staircase to the Depths.
 26748 | Elf:1    | Entered Level 1 of the Elven Halls
 26762 | Elf:1    | Received a gift from Trog
 27320 | Elf:1    | Identified the amulet of Fuoxkod {Acrobat Will- Dex+3}
 27504 | Elf:1    | Found Lith's Armour Shop.
 27795 | Elf:1    | Noticed a Hell Sentinel
 27992 | Elf:2    | Noticed Roxanne
 28014 | Elf:2    | Killed Roxanne
 28496 | Elf:2    | Received a gift from Trog
 28524 | Elf:2    | Reached skill level 15 in Armour
 28624 | Elf:2    | Found Ynar's Assorted Antiques.
 28798 | Elf:2    | Found a runed translucent gate.
 28800 | Elf:2    | Found a runed translucent gate.
 28803 | Elf:2    | Found a runed translucent gate.
 29170 | Elf:2    | Noticed a deep elf blademaster
 29183 | Elf:2    | Killed a deep elf blademaster
 29473 | Elf:2    | Reached XP level 17. HP: 142/171 MP: 5/16
 29933 | Elf:3    | Entered Level 3 of the Elven Halls
 30137 | Elf:3    | Found the +3 giant club "Skullcrusher" {speed, Str+7}
 30143 | Elf:3    | Found Retaf's Assorted Antiques.
 30179 | Elf:3    | Received a gift from Trog
 30321 | Elf:3    | Found a huge runed gate.
 30321 | Elf:3    | Found a huge runed gate.
 30321 | Elf:3    | Found a huge runed gate.
 30321 | Elf:3    | Found a huge runed gate.
 30323 | Elf:3    | Found a huge runed gate.
 30323 | Elf:3    | Found a huge runed gate.
 30324 | Elf:3    | Found a huge runed gate.
 30324 | Elf:3    | Found a huge runed gate.
 30325 | Elf:3    | Found a huge runed gate.
 30325 | Elf:3    | Found a huge runed gate.
 30332 | Elf:3    | Noticed a deep elf blademaster
 30332 | Elf:3    | Noticed a deep elf blademaster
 30332 | Elf:3    | Noticed a deep elf blademaster
 30332 | Elf:3    | Noticed a deep elf blademaster
 30333 | Elf:3    | Noticed a deep elf blademaster
 30339 | Elf:3    | Killed a deep elf blademaster
 30353 | Elf:3    | Killed a deep elf blademaster
 30370 | Elf:3    | Killed a deep elf blademaster
 30377 | Elf:3    | Killed a deep elf blademaster
 30380 | Elf:3    | Killed a deep elf blademaster
 30380 | Elf:3    | HP: 5/172 [deep elf sorcerer/bolt of acid (14)]
 30380 | Elf:3    | Killed from afar by a deep elf high priest

Illustrated notes

Levels and vault maps discovered:
D:1:      amcnicky_arrival_double_pillar, layout_basic, minmay_pentomino_v4
D:2:      layout_basic, basic_altar, serial_forest, infiniplex_forest_side_room,
          infiniplex_forest_lined_4_way, infiniplex_forest_straight_2,
          infiniplex_forest_straight_3, infiniplex_forest_end_3,
          infiniplex_forest_clump_diagonal,
          shapermc_ecumenical_altar_totnotflames, minmay_crystal_water
D:3:      layout_loops_cross, eat_drink_and_be_merry_uskayaw,
          serial_bayou_lake_a, uniq_robin
D:4:      layout_loops_ring, nicolae_eternal_life, roderic_three_in_a_row,
          minmay_rat_hole
D:5:      layout_cave_pods, nicolae_overflow_crystal_walls, serial_shops,
          nicolae_shop_tiny_real_fake_doors, nicolae_shop_tiny_waterfront,
          ebering_ghost_sewer_f, uniq_ijyb
D:6:      layout_basic, temple_statues, serial_shops, shop,
          lightli_church_of_beogh, uniq_duvessa
D:7:      layout_gridville, gammafunk_ghost_nasty_kobolds, hangedman_glass_teeth
D:8:      layout_loops_ring, gammafunk_temple_overflow_elements,
          gammafunk_ghost_spectres, uniq_erica
D:9:      layout_layer_cave, mainiacjoe_overflow_swirl,
          kennysheep_generic_room_9
D:10:     layout_roguey, orc_0_dummy, uniq_sonja
D:11:     gammafunk_jiyva_shrine, layout_long_grid, lair_entry_dummy,
          serial_shops, shop, nicolae_shop_stone, minmay_variable_closet
D:12:     layout_rooms, serial_shops, shop, hangedman_abyss_or_decor_stabs,
          nicolae_shop_firing_range, uniq_snorg
D:13:     layout_loops_corners, serial_shops,
          nicolae_shop_competitors_out_of_business, nicolae_rejected_hall
D:14:     layout_small_grid, grunt_vaults_entry_tiered,
          trog_three_pillars_becter, uniq_frances
D:15:     gammafunk_enter_depths_forms, layout_basic, gauntlet_entry_generic,
          serial_shops, nicolae_lakefront_shop, elyvilon_altar_4
Lair:1:   layout_roguey, uniq_urug
Lair:2:   layout_small_grid, nicolae_snake_entry_warm_welcome,
          gammafunk_ghost_hydra_chop, pdpol_lair_neglected_garden,
          nicolae_lair_lindhole
Lair:3:   layout_loops_ring, minmay_swamp_entry_wisps,
          grunt_forest_large_clearings
Lair:4:   layout_roguey, slime_entry_1, maelrawn_ghost_gauntlet_escape,
          st_stairs_9, grunt_megastairs_2, infiniplex_staircase_pool_2,
          uniq_nessos
Lair:5:   minmay_lair_end_frog_pond, layout_hall_layers, serial_bayou_shore_a
Orc:1:    layout_caves, serial_shops, nicolae_shop_tiny_real_fake_doors
Orc:2:    st_orc_mages, layout_diamond_mine, gammafunk_ghost_berserking_beasts,
          minmay_orc_temple_c
Elf:1:    layout_geoelf_diagonals, serial_shops, nicolae_shop_real_fake_doors,
          hangedman_elf_disciples
Elf:2:    nicolae_elf_blades_splatter_lattice
          [nicolae_vaults_blade_armed_guards], layout_geoelf_octagon,
          serial_shops, shop, minmay_elf_annihilation, uniq_roxanne
Elf:3:    nooodl_elf_gasket, layout_geoelf_grid, serial_shops,
          nicolae_shop_just_a_little_nook, corexii_hall_statues_l, door_vault,
          uniq_mara

Skill      XL: |  1  2  3  4  5  6  7  8  9 10 11 12 13 14 15 16 17 |
---------------+----------------------------------------------------+-----
Polearms       | 4 5 7 8 10 12 13 15 16 17 19 20 21 | 21.9
Fighting       | 4 5 6 8 9 12 14 16 18 20 | 20.9
Armour         | 3 4 5 7 8 9 11 12 13 15 16 | 16.2
Dodging        | 3 4 5 6 |  6.2
Evocations     | 1 3 5 6 7 8 9 10 11 | 11.0
Stealth        | 1 2 3 |  3.1
Axes           | 2 3 |  3.3
Throwing       | |  0.3

Action                     |  1- 3 |  4- 6 |  7- 9 | 10-12 | 13-15 | 16-18 || total
---------------------------+-------+-------+-------+-------+-------+-------++-------
  Melee: Spear             |   120 |    35 |       |       |       |       ||   155
         Headbutt          |     8 |     8 |    32 |   101 |   202 |    86 ||   437
         Punch             |     2 |     1 |     2 |     3 |     1 |     6 ||    15
         Trident           |       |    98 |   224 |   522 |    41 |       ||   885
         Glaive            |       |       |       |   125 |  1004 |   116 ||  1245
         Hand axe          |       |       |       |    16 |    11 |       ||    27
         Demon trident     |       |       |       |       |   131 |   404 ||   535
  Throw: Dart              |       |       |     1 |     3 |       |       ||     4
 Invoke: Berserk           |       |     1 |     3 |     6 |     5 |     2 ||    17
         Trog's Hand       |       |       |     1 |     1 |     2 |     1 ||     5
         Brothers in Arms  |       |       |       |       |     2 |     4 ||     6
  Evoke: Wand              |       |     1 |     3 |     1 |    28 |       ||    33
    Use: Scroll            |     7 |     3 |     8 |     9 |     6 |     6 ||    39
         Potion            |     4 |     1 |       |     1 |       |     3 ||     9
   Stab: Sleeping          |     2 |       |       |     3 |       |       ||     5
 Armour: Animal skin       |     5 |       |       |       |       |       ||     5
         Ring mail         |    18 |    20 |     4 |    44 |       |       ||    86
         Skin              |     8 |    10 |       |       |       |       ||    18
         Chain mail        |       |       |    65 |    98 |    42 |       ||   205
         Plate armour      |       |       |       |       |   452 |   204 ||   656
  Dodge: Dodged            |    49 |    37 |    59 |   174 |   352 |   154 ||   825
